 Dungeon Crawl Stone Soup version 0.27-a0-1565-gad902ab807 (webtiles) character file.

Game seed: 7916069077312561644

105 MovingMist the Skirmisher (level 4, -1/36 HPs)
             Began as a Demonspawn Fighter on July 16, 2021.
             Slain by Edmund (8 damage)
             ... on level 3 of the Dungeon.
             The game lasted 00:03:46 (2945 turns).

MovingMist the Skirmisher (Demonspawn Fighter)      Turns: 2945, Time: 00:03:47

Health: -1/36      AC:  7    Str: 17    XL:     4   Next: 53%
Magic:  4/4        EV:  7    Int:  9    God:
Gold:   112        SH:  8    Dex: 13    Spells: 3/3 levels left

rFire    . . .     SeeInvis .   j - +0 short sword (freeze)
rCold    . . .     Faith    .   c - +0 kite shield
rNeg     . . .     Spirit   .   b - +0 scale mail
rPois    .         Reflect  .   (helmet restricted)
rElec    .         Harm     .   (no cloak)
rCorr    .         Rampage  .   (no gloves)
Will     .....                  (no boots)
Stlth    ..........             (no amulet)
HPRegen  0.12/turn              (no ring)
MPRegen  0.09/turn              (no ring)

@: no status effects
A: horns 2, rugged brown scales 1
a: no special abilities


You were on level 3 of the Dungeon.
You visited 1 branch of the dungeon, and saw 4 of its levels.

You collected 112 gold pieces.

Inventory:

Hand Weapons
 a - a +0 war axe
 j - a +0 short sword of freezing (weapon)
Armour
 b - a +0 scale mail (worn)
 c - a +0 kite shield (worn)
 g - a +0 helmet
Jewellery
 p - a ring of protection from cold
Wands
 q - a wand of acid (11)
Scrolls
 e - a scroll of enchant armour {unknown}
 k - 6 scrolls of identify {unknown}
Potions
 d - 2 potions of might
 f - a potion of degeneration {unknown}
 h - a potion of haste {unknown}
 i - a potion of curing {unknown}
 l - a potion of brilliance {unknown}
 m - a potion of heal wounds {unknown}
 n - a potion of mutation {unknown}
 o - a potion of lignification {unknown}


   Skills:
 + Level 3.5 Fighting
 + Level 2.4 Axes
 + Level 3.2 Armour
 * Level 2.2 Dodging
 - Level 2.6 Shields


You had 3 spell levels left.
You didn't know any spells.
Your spell library contained the following spells:

 Spells                   Type           Power      Damage    Failure   Level
 Stone Arrow              Conj/Erth      0%         3d7       100%        3
 Animate Armour           Summ/Erth      0%         N/A       100%        4
 Lehudib's Crystal Spear  Conj/Erth      0%         10d2      100%        8


Dungeon Overview and Level Annotations

Branches:
Dungeon (4/15)
 Temple: D:4-7

Altars:

Annotations:
D:3 Edmund


Innate Abilities, Weirdness & Mutations

You have a pair of horns on your head.
You are partially covered in rugged brown scales. (AC +1, +3% HP)


Message History

a +0 club; a +0 hunting sling; 19 stones Done exploring.
(D) Dungeon
Where to? (Enter - D:3, ? - help)
What level of the Dungeon? (default 1, ? - help)
There is a stone staircase leading down here.
You climb downwards.
Edmund shouts!
The hobgoblin shouts!
Found 2 javelins.
There is a stone staircase leading up here.
There are monsters nearby!
You block Edmund's attack.
You climb upwards.
There is a stone staircase leading down here.
Your shield and scale mail prevent you from hitting Edmund.
Your headbutt misses Edmund. You block Edmund's attack.
You barely miss Edmund. You block Edmund's attack.
You hit Edmund but do no damage. You block Edmund's attack. x2
You hit Edmund but do no damage. You block Edmund's attack.
You barely miss Edmund.
Edmund hits you with a +1 dire flail of protection.
You hit Edmund but do no damage. Edmund hits you but does no damage.
Edmund hits you with a +1 dire flail of protection!
You closely miss Edmund.
Edmund hits you with a +1 dire flail of protection!
* * * LOW HITPOINT WARNING * * *
Edmund says, "People accused me of being a cutpurse!"
Edmund hits you with a +1 dire flail of protection.
* * * LOW HITPOINT WARNING * * *
You hit Edmund. You freeze Edmund.
Edmund is lightly wounded.
You block Edmund's attack.
You puncture Edmund! You freeze Edmund.
Edmund is moderately wounded.
Edmund barely misses you.
You hit Edmund but do no damage.
Edmund is moderately wounded.
Edmund hits you but does no damage.
Edmund hits you with a +1 dire flail of protection!
You die...

##.# #....##.................##
##.## #.##..#...................
....## #.###.#...................
##...###.###.######^.............
##....##..##...####.#...##.......
#####.....####..##...............
..# #.##..# ##.#...######.##....
#.###.##..# ##.....# #.###...
#......##.####..@..## #.# ####
................#@###### #.##
.........([##.....<....# #..#
######.....##........(.# ##.#
.....##.#..##..........# #.#
......#.#...#..........# #.#
.≈8...#.##.............# #.#
8≈≈≈..#..#..#..###.##### #.#
§≈≈8..'..##..#.# #.### #.##


You could see Edmund.

Vanquished Creatures
  5 adders
  A worm (D:2)
  A dart slug (D:3)
  3 ball pythons
  9 endoplasms
  5 giant cockroaches
  5 goblins
  7 hobgoblins
  A quokka (D:3)
  A bat (D:1)
  6 frilled lizards
  A kobold (D:2)
  8 rats
53 creatures vanquished.

Notes
Turn   | Place    | Note
-------+----------+-------------------------------------------
     0 | D:1      | MovingMist the Demonspawn Fighter began the quest for the
                  | Orb.
     0 | D:1      | Reached XP level 1. HP: 18/18 MP: 1/1
   230 | D:1      | You fall into a shaft and drop 1 floor!
   242 | D:2      | Gained mutation: You have a pair of small horns on your
                  | head. [demonic ancestry]
   242 | D:2      | Reached XP level 2. HP: 16/24 MP: 2/2
   496 | D:2      | Reached skill level 1 in Dodging
   807 | D:2      | Gained mutation: You have a pair of horns on your head.
                  | [demonic ancestry]
   807 | D:2      | Reached XP level 3. HP: 29/29 MP: 3/3
  1380 | D:1      | Found a faded altar of an unknown god.
  2210 | D:3      | Gained mutation: You are partially covered in rugged brown
                  | scales. (AC +1, +3% HP) [demonic ancestry]
  2210 | D:3      | Reached XP level 4. HP: 24/36 MP: 4/4
  2911 | D:4      | Noticed Edmund
  2945 | D:3      | Slain by Edmund

Illustrated notes

Levels and vault maps discovered:
D:1:      dpeg_arrival_lava_temple_mockup, layout_basic,
          shapermc_ecumenical_altar_notcrosses
D:2:      layout_rooms
D:3:      layout_rooms, kennysheep_another_room
D:4:      layout_loops_ring, okawaru_altar_gauntlet_db, kennysheep_mini,
          minmay_misc_feat_hallway, uniq_edmund

Skill      XL: |  1  2  3  4 |
---------------+-------------+-----
Axes           | 2 |  2.4
Dodging        | 1 2 |  2.2
Armour         | 3 |  3.2
Fighting       | |  3.5
Shields        | |  2.6

Action                   |  1- 3 |  4- 6 || total
-------------------------+-------+-------++-------
Melee: War axe           |    18 |       ||    18
       Short sword       |    96 |    51 ||   147
       Headbutt          |    18 |     8 ||    26
Armor: Scale mail        |    43 |    17 ||    60
Dodge: Dodged            |    32 |    13 ||    45
Block: Kite shield       |    48 |    30 ||    78

Table legend: (Time is in decaauts)
 A = Elapsed time spent in this place.
 B = Non-inter-level travel time spent in this place.
 C = Inter-level travel time spent in this place.
 D = Time resting spent in this place.
 E = Time spent auto-exploring this place.
 F = Levels seen in this place.
 G = Mean time per level.
                   A        B        C        D        E       F      G
               +--------+--------+--------+--------+--------+-----+--------+
         Total |   3010 |   2921 |     89 |    675 |   1746 |   4 |  752.5 |
       Dungeon |   3010 |   2921 |     89 |    675 |   1746 |   4 |  752.5 |
               +--------+--------+--------+--------+--------+-----+--------+

Top non-repeatable levels by time:
     D:2: 1205 daAuts
     D:1: 981 daAuts
     D:3: 819 daAuts
     D:4: 3 daAuts
